 Dungeon Crawl Stone Soup version 0.21-a0-531-gacddea6 (webtiles) character file.

196 Amnesiac the Vexing (level 5, 0/30 HPs)
             Began as a Deep Elf Arcane Marksman on Dec 12, 2017.
             Was an Initiate of Okawaru.
             Slain by Amnesiac's ghost (7 damage)
             ... on level 4 of the Dungeon.
             The game lasted 00:06:30 (3345 turns).

Amnesiac the Vexing (Deep Elf Arcane Marksman)      Turns: 3345, Time: 00:06:31

Health: 0/30       AC:  3    Str:  8    XL:     5   Next: 45%
Magic:  11/11      EV: 14    Int: 18    God:    Okawaru [......]
Gold:   196        SH:  0    Dex: 15    Spells: 2/9 levels left

rFire    . . .     SeeInvis .   b - +0 dagger (venom)
rCold    . . .     Gourm    .   (no shield)
rNeg     . . .     Faith    .   e - +0 robe
rPois    .         Spirit   .   (no helmet)
rElec    .         Reflect  .   (no cloak)
rCorr    .         Harm     .   (no gloves)
MR       .....                  n - +0 pair of boots
Stlth    +.........             (no amulet)
HPRegen  0.10/turn              (no ring)
MPRegen  0.12/turn              (no ring)

@: slowed, very slow
A: no striking features
a: Renounce Religion


You were on level 4 of the Dungeon.
You worshipped Okawaru.
Okawaru was noncommittal.
You were not hungry.

You visited 1 branch of the dungeon, and saw 4 of its levels.

You collected 196 gold pieces.

Inventory:

Hand Weapons
 a - a +0 shortbow
 b - a +0 dagger of venom (weapon)
 w - a +0 hunting sling
Missiles
 q - 126 stones (quivered)
 z - 41 sling bullets
Armour
 e - a +0 robe (worn)
 n - a +0 pair of boots (worn)
Wands
 D - a wand of digging (20)
Scrolls
 g - 3 scrolls of remove curse {!r}
 h - 2 scrolls of blinking {!r, unknown}
 j - a scroll of random uselessness {!r, unknown}
 k - 2 scrolls of enchant weapon {!r, unknown}
 u - 3 scrolls of teleportation {!r, unknown}
 v - a scroll of fear {!r, unknown}
 y - 2 scrolls of magic mapping {!r, unknown}
 B - 3 scrolls of amnesia {!r, unknown}
Potions
 i - a potion of berserk rage {!q}
 l - 2 potions of brilliance {!q, unknown}
 o - a potion of ambrosia {!q}
 p - 2 potions of degeneration {!q, unknown}
 r - 2 potions of flight {!q}
 x - a potion of mutation {!q}
 C - 2 potions of lignification {!q, unknown}
 E - a potion of curing {!q}
Books
 c - a book of Debilitation

   Spells                             Type                      Level
   a - Corona                         Hexes                        1
   b - Slow                           Hexes                        2
   c - Inner Flame                    Hexes/Fire                   3
   d - Portal Projectile              Hexes/Translocation          3
   e - Cause Fear                     Hexes                        4
   f - Leda's Liquefaction            Hexes/Earth                  4
Comestibles
 f - 3 bread rations
 m - 2 chunks of flesh
 s - 3 fruits
 t - a meat ration


   Skills:
 + Level 1.6 Fighting
 * Level 3.8 Bows
 + Level 3.4 Dodging
 + Level 2.7 Spellcasting
 * Level 5.6 Hexes


You had 2 spell levels left.
You knew the following spells:

 Your Spells              Type           Power        Failure   Level  Hunger
a - Corona                Hex            ###....      1%          1    #......
b - Cause Fear            Hex            ###.......   16%         4    #####..
e - Slow                  Hex            ###.....     2%          2    ##.....


Dungeon Overview and Level Annotations

Branches:
Dungeon (4/15)
 Temple: D:4-7

Altars:
Okawaru

Annotations:
D:4 Amnesiac's ghost, amateur DEAM


Message History

Firing (i - inventory. (,) - cycle):
d - an arrow (quivered)
Press: ? - help, Shift-Dir - straight line, f/p - Amnesiac's ghost
Aim: Amnesiac's ghost (severely damaged, slow)
You shoot an arrow. The arrow hits Amnesiac's ghost.
Amnesiac's ghost is almost destroyed.
Throwing (i - inventory):
q - 131 stones (quivered)
Press: ? - help, Shift-Dir - straight line, f/p - Amnesiac's ghost
Aim: Amnesiac's ghost (almost destroyed, slow)
You throw a stone. The stone misses Amnesiac's ghost.
Amnesiac's ghost wails, "They lied to you.
The Dungeon just goes down and down forever."
Amnesiac's ghost hits you.
Throwing (i - inventory):
q - 130 stones (quivered)
Press: ? - help, Shift-Dir - straight line, f/p - Amnesiac's ghost
Aim: Amnesiac's ghost (almost destroyed, slow)
You throw a stone. The stone misses Amnesiac's ghost.
Amnesiac's ghost casts a spell at you.
You feel as though you will be slow longer.
Throwing (i - inventory):
q - 129 stones (quivered)
Press: ? - help, Shift-Dir - straight line, f/p - Amnesiac's ghost
Aim: Amnesiac's ghost (almost destroyed, slow)
You throw a stone.
The stone hits Amnesiac's ghost but does no damage.
Amnesiac's ghost is almost destroyed.
Amnesiac's ghost barely misses you.
Throwing (i - inventory):
q - 128 stones (quivered)
Press: ? - help, Shift-Dir - straight line, f/p - Amnesiac's ghost
Aim: Amnesiac's ghost (almost destroyed, slow)
You throw a stone.
The stone closely misses Amnesiac's ghost.
Amnesiac's ghost misses you.
Throwing (i - inventory):
q - 127 stones (quivered)
Press: ? - help, Shift-Dir - straight line, f/p - Amnesiac's ghost
Aim: Amnesiac's ghost (almost destroyed, slow)
You throw a stone. The stone misses Amnesiac's ghost.
Amnesiac's ghost casts a spell at you. You resist with some effort.
Your +0 dagger of venom begins to drip with poison!
b - a +0 dagger of venom (weapon)
Amnesiac's ghost points at you and mumbles some strange words.
You resist with some effort.
You hit Amnesiac's ghost but do no damage.
Amnesiac's ghost is almost destroyed.
You closely miss Amnesiac's ghost.
Amnesiac's ghost is almost destroyed.
You are no longer glowing.
Amnesiac's ghost gestures at you while chanting.
You resist with some effort.
You hit Amnesiac's ghost.
Amnesiac's ghost is almost destroyed.
Amnesiac's ghost misses you.
You miss Amnesiac's ghost.
Amnesiac's ghost is almost destroyed.
Amnesiac's ghost hits you!
You hit Amnesiac's ghost.
Amnesiac's ghost is almost destroyed.
Amnesiac's ghost is no longer moving slowly.
Amnesiac's ghost hits you.
* * * LOW HITPOINT WARNING * * *
Amnesiac's ghost hits you.
* * * LOW HITPOINT WARNING * * *
Amnesiac's ghost hits you.
* * * LOW HITPOINT WARNING * * *
Amnesiac's ghost hits you!
You die...

#....# .....##
#..... #....#
#....# ##...##
#.....#######
#..(.(((((.@##
#..?#..#####W.#
.....######
###..# ....
#....# ...
#....#### .W
#..### . #.. .


You could see Amnesiac's ghost.

Vanquished Creatures
  An orc wizard (D:3)
  Ijyb (D:3)
  An iguana (D:4)
  3 adders
  An ooze (D:3)
  A worm (D:2)
  A dart slug (D:1)
  A leopard gecko (D:3)
  7 orcs (D:3)
  8 bats
  4 giant cockroaches
  12 goblins
  6 hobgoblins
  3 jackals (D:1)
  8 kobolds
  A quokka (D:3)
  A ball python (D:1)
  4 frilled lizards
  8 rats
72 creatures vanquished.

Notes
Turn   | Place    | Note
-------+----------+-------------------------------------------
     0 | D:1      | Amnesiac the Deep Elf Arcane Marksman began the quest for the Orb.
     0 | D:1      | Reached XP level 1. HP: 11/11 MP: 5/5
    85 | D:1      | Reached skill level 1 in Fighting
    97 | D:1      | Reached XP level 2. HP: 16/16 MP: 4/6
   102 | D:1      | Learned a level 2 spell: Slow
   991 | D:1      | Reached XP level 3. HP: 7/20 MP: 4/7
  2212 | D:3      | Reached skill level 5 in Hexes
  2212 | D:3      | Reached XP level 4. HP: 24/25 MP: 7/9
  2219 | D:3      | Learned a level 4 spell: Cause Fear
  2823 | D:3      | Noticed Ijyb
  2842 | D:3      | Killed Ijyb
  2842 | D:3      | Reached XP level 5. HP: 25/29 MP: 6/10
  3225 | D:3      | Found an iron altar of Okawaru.
  3258 | D:3      | Became a worshipper of Warmaster Okawaru
  3310 | D:4      | Noticed Amnesiac's ghost (amateur DEAM)
  3345 | D:4      | Slain by Amnesiac's ghost

Vault maps used:
D:1:      shiori_arrival_maze, minmay_small_reverse_x
D:3:      kennysheep_okawaru_gauntlet, first_bread, uniq_ijyb
D:4:      kennysheep_generic_room_5

Skill      XL: |  1  2  3 |
---------------+----------+-----
Fighting       | 1 |  1.6
Bows           | 3 |  3.8
Spellcasting   | 2 |  2.7
Dodging        | 3 |  3.4
Hexes          | 5 |  5.6

Action                   |  1- 3 |  4- 6 || total
-------------------------+-------+-------++-------
Melee: Dagger            |     4 |    97 ||   101
 Fire: Shortbow          |    67 |    11 ||    78
       Hunting sling     |    66 |     1 ||    67
Throw: Stone             |     1 |    60 ||    61
 Cast: Corona            |    48 |     2 ||    50
       Slow              |     3 |     7 ||    10
  Use: Scroll            |     2 |     4 ||     6
  Eat: Chunk             |     5 |     4 ||     9
Armor: Robe              |    16 |    12 ||    28
Dodge: Dodged            |    43 |    60 ||   103

Table legend:
 A = Spawn XP
 B = Non-spawn XP
 C = Spawn XP percentage of total XP
 D = Spawn monster count
 E = Non-spawn monster count
 F = Spawn count percentage of total count
 G = Total turns spent on level
                    A         B        C        D         E        F      G
               +---------+---------+-------+---------+---------+-------+---------
         Total |       0 |     280 |   0.0 |       0 |      72 |   0.0 |  3345
               +---------+---------+-------+---------+---------+-------+---------
           D:1 |       0 |      47 |   0.0 |       0 |      28 |   0.0 |  1399
           D:2 |       0 |      54 |   0.0 |       0 |      16 |   0.0 |  1115
           D:3 |       0 |     143 |   0.0 |       0 |      27 |   0.0 |   763
           D:4 |       0 |      36 |   0.0 |       0 |       1 |   0.0 |    68
               +---------+---------+-------+---------+---------+-------+---------
